 Dungeon Crawl Stone Soup version 0.30-a0-222-ge547ba4400 (webtiles) character file.

Game seed: 13764438196436780413

960 Aibolit the Cleaver (level 8, -2/68 HPs)
             Began as a Hill Orc Fighter on Oct 8, 2022.
             Succumbed to Edmund's poison
             ... on level 6 of the Dungeon.
             The game lasted 00:07:41 (4687 turns).

Aibolit the Cleaver (Hill Orc Fighter)              Turns: 4687, Time: 00:07:41

Health: -2/68      AC: 13    Str: 21    XL:     8   Next: 14%
Magic:  8/8        EV: 10    Int: 14    God:
Gold:   350        SH:  5    Dex: 16    Spells: 7/7 levels left

rFire   . . .      SeeInvis .    a - +0 war axe
rCold   . . .      Faith    .    c - +0 buckler
rNeg    . . .      Spirit   .    b - +0 scale mail
rPois   .          Reflect  .    o - +0 helmet
rElec   .          Harm     .    n - +2 cloak
rCorr   .          Rampage  .    (no gloves)
Will    .....                    j - +0 pair of boots
Stlth   ..........               (no amulet)
HPRegen 0.31/turn                s - +6 ring of intelligence
MPRegen 0.11/turn                x - +6 ring of dexterity

@: lethally poisoned (-2 -> -25)
A: no striking features
a: no special abilities


You were on level 6 of the Dungeon.
You visited 1 branch of the dungeon, and saw 6 of its levels.

You collected 350 gold pieces.

Inventory:

Hand Weapons
 a - a +0 war axe (weapon)
Armour
 b - a +0 scale mail (worn)
 c - a +0 buckler (worn)
 j - a +0 pair of boots (worn)
 n - a +2 cloak (worn)
 o - a +0 helmet (worn)
Jewellery
 s - a +6 ring of intelligence (left hand)
 x - a +6 ring of dexterity (right hand)
Wands
 u - a wand of roots (8)
Scrolls
 e - a scroll of magic mapping {unknown}
 g - a scroll of immolation
 m - a scroll of vulnerability
 r - 2 scrolls of identify
 t - a scroll of poison
 v - 2 scrolls of noise {unknown}
 w - a scroll of silence {unknown}
 y - a scroll of fear {unknown}
 B - a scroll of teleportation
Potions
 d - a potion of flight {unknown}
 f - a potion of attraction {unknown}
 h - a potion of lignification
 i - 2 potions of resistance
 k - a potion of berserk rage {unknown}
 l - a potion of brilliance {unknown}
 p - a potion of heal wounds {unknown}
 q - 2 potions of curing {unknown}
 z - a potion of ambrosia {unknown}
 A - a potion of mutation {unknown}


   Skills:
 + Level 5.1 Fighting
 + Level 8.7 Axes
 + Level 5.8 Armour
 + Level 1.9 Dodging
 + Level 0.2 Stealth
 + Level 4.2 Shields


You had 7 spell levels left.
You didn't know any spells.
Your spell library contained the following spells:

 Spells                   Type           Power      Damage    Failure   Level
 Beastly Appendage        Tmut           0%         N/A       67%         1
 Wereblood                Tmut           0%         N/A       82%         2
 Gell's Gravitas          Tloc           0%         N/A       96%         3
 Spider Form              Tmut/Pois      0%         N/A       96%         3
 Teleport Other           Tloc           0%         N/A       96%         3
 Dispersal                Tloc           0%         N/A       100%        6


Dungeon Overview and Level Annotations

Branches:
Dungeon (6/15)
 Temple: D:4-7

Altars:
Ashenzari
Dithmenos
Sif Muna
Vehumet


Message History

You barely miss Edmund.
Edmund is heavily wounded.
You feel very sick. Edmund closely misses you.
You barely miss Edmund.
Edmund is heavily wounded.
You feel very sick. Edmund hits you but does no damage.
You are more poisoned.
You barely miss Edmund.
Edmund is heavily wounded.
You feel very sick.
Edmund hits you with a +1 flail of venom.
You are more poisoned.
You barely miss Edmund.
Edmund is heavily wounded.
You feel very sick. Edmund closely misses you.
You slash Edmund!
Edmund is severely wounded.
You feel very sick. Edmund hits you but does no damage. x2
You slash Edmund!
Edmund is almost dead.
You feel very sick. You block Edmund's attack.
You hit Edmund.
Edmund is almost dead.
You feel very sick.
Edmund hits you with a +1 flail of venom!
* * * LOW HITPOINT WARNING * * *
You are lethally poisoned!
You hit Edmund.
Edmund is almost dead.
* * * LOW HITPOINT WARNING * * *
You feel extremely sick. Edmund hits you but does no damage.
You slash Edmund!
You kill Edmund!
You die...

#....#
#....##
#.....#
#.....#
#.....#
##....#######
+.....#.....#
##)####.....#
#.@.........#
#...........#
#.....<.....#
#...........#
#...........#
#############


There were no monsters in sight!

Vanquished Creatures
  Grinder (D:3)
  Edmund (D:6)
  An ogre (D:6)
  A bullfrog (D:4)
  3 scorpions
  A necrophage (D:5)
  A howler monkey (D:4)
  A jelly (D:5)
  A gnoll bouda (D:4)
  3 iguanas
  6 gnolls
  4 adders
  An ufetubus (D:4)
  3 worms
  3 dart slugs
  4 orcs
  5 bats
  6 endoplasms
  2 giant cockroaches
  19 goblins
  9 hobgoblins
  7 jackals
  9 kobolds
  4 quokkas
  6 ball pythons
  6 frilled lizards
  4 rats (D:1)
112 creatures vanquished.

Vanquished Creatures (others)
  Robin (D:3)
1 creature vanquished.

Grand Total: 113 creatures vanquished

Notes
Turn   | Place    | Note
-------+----------+-------------------------------------------
     0 | D:1      | Aibolit the Hill Orc Fighter began the quest for the Orb.
     0 | D:1      | Reached XP level 1. HP: 19/19 MP: 1/1
   135 | D:1      | Reached XP level 2. HP: 26/27 MP: 2/2
   207 | D:1      | Reached skill level 3 in Axes
   360 | D:1      | Reached XP level 3. HP: 29/33 MP: 3/3
   884 | D:2      | Reached skill level 4 in Axes
   925 | D:2      | Found a faded altar of an unknown god.
   938 | D:2      | Reached XP level 4. HP: 35/40 MP: 4/4
  1669 | D:3      | Found a broken altar of Ashenzari.
  1686 | D:3      | Noticed Robin
  1737 | D:3      | Killed Robin
  1857 | D:3      | Reached XP level 5. HP: 46/46 MP: 5/5
  1960 | D:3      | Reached skill level 5 in Axes
  2159 | D:3      | Noticed Grinder
  2175 | D:3      | Killed Grinder
  2176 | D:3      | Reached skill level 6 in Axes
  2176 | D:3      | Reached skill level 1 in Dodging
  2176 | D:3      | Reached XP level 6. HP: 5/53 MP: 6/6
  2680 | D:4      | Reached skill level 5 in Armour
  2680 | D:4      | Reached XP level 7. HP: 36/60 MP: 7/7
  2908 | D:4      | Reached skill level 7 in Axes
  2982 | D:4      | Found a shimmering blue altar of Sif Muna.
  3107 | D:4      | Found a radiant altar of Vehumet.
  3604 | D:5      | Entered Level 5 of the Dungeon
  3784 | D:5      | Found a shadowy altar of Dithmenos.
  3897 | D:5      | Reached skill level 8 in Axes
  4661 | D:6      | Noticed Edmund
  4671 | D:6      | Reached skill level 5 in Fighting
  4671 | D:6      | Reached XP level 8. HP: 68/68 MP: 8/8
  4686 | D:6      | HP: 3/68 [poisoned by Edmund]
  4687 | D:6      | Killed Edmund
  4687 | D:6      | Succumbed to Edmund's poison

Illustrated notes

Levels and vault maps discovered:
D:1:      dpeg_arrival_refuge, layout_loops_ring
D:2:      layout_loops_ring, hellmonk_ecumenical_altar_lost_god, st_stairs_1
D:3:      layout_loops_cross, mainiacjoe_overflow_small_starburst,
          gup_sewer_entry_bowl, uniq_grinder, uniq_robin
D:4:      layout_loops_ring, mainiacjoe_overflow_boulevard,
          nicolae_sif_muna_condensation, minmay_misc_feat_diagonals
D:5:      layout_gridville, grunt_dithmenos_smoke_and_mirrors,
          nicolae_elevator_lobby_asterisk
D:6:      layout_gridville, minmay_temple_entry_large_hall, minmay_microvault,
          uniq_edmund, uniq_maggie, uniq_prince_ribbit1

Skill      XL: |  1  2  3  4  5  6  7 |
---------------+----------------------+-----
Axes           | 3 4 6 8 |  8.7
Fighting       | 4 5 |  5.1
Armour         | 4 5 |  5.8
Dodging        | 1 |  1.9
Shields        | 4 |  4.2
Stealth        | |  0.2

Action                   |  1- 3 |  4- 6 |  7- 9 || total
-------------------------+-------+-------+-------++-------
Melee: War axe           |    96 |   158 |   122 ||   376
  Use: Scroll            |     1 |     5 |     1 ||     7
       Potion            |       |     1 |       ||     1
Armor: Scale mail        |    51 |    78 |    50 ||   179
Dodge: Dodged            |    71 |    73 |    60 ||   204
Block: Buckler           |    17 |    30 |    24 ||    71

Table legend: (Time is in decaauts)
 A = Elapsed time spent in this place.
 B = Non-inter-level travel time spent in this place.
 C = Inter-level travel time spent in this place.
 D = Time resting spent in this place.
 E = Time spent auto-exploring this place.
 F = Levels seen in this place.
 G = Mean time per level.
                   A        B        C        D        E       F      G
               +--------+--------+--------+--------+--------+-----+--------+
         Total |   4788 |   4431 |    357 |    597 |   2938 |   6 |  798.0 |
       Dungeon |   4788 |   4431 |    357 |    597 |   2938 |   6 |  798.0 |
               +--------+--------+--------+--------+--------+-----+--------+

Top non-repeatable levels by time:
     D:4: 1055 daAuts
     D:5: 1054 daAuts
     D:3: 931 daAuts
     D:1: 857 daAuts
     D:2: 855 daAuts
     D:6: 35 daAuts
